 Dungeon Crawl Stone Soup version 0.18.1-1-g2f07953 (webtiles) character file.

497 Korgoth the Skirmisher (level 7, -19/61 HPs)
             Began as a Hill Orc Fighter on May 7, 2016.
             Demolished by a hill giant
             ... wielding a +0 giant club
              (22 damage)
             ... on level 5 of the Dungeon on May 8, 2016.
             The game lasted 01:14:35 (3927 turns).

Korgoth the Skirmisher (Hill Orc Fighter)           Turns: 3927, Time: 01:14:35

Health: -19/61     AC:  8    Str: 26    XL:     7   Next: 15%
Magic:  7/7        EV:  9    Int:  8    God:
Gold:   306        SH: 10    Dex: 14    Spells: 0 memorised, 6 levels left

rFire  . . .     SeeInvis .     a - +0 war axe
rCold  + . .     Gourm    .     b - +0 scale mail
rNeg   . . .     Faith    .     c - +0 shield
rPois  .         Spirit   .     j - +0 helmet
rElec  .         Dismiss  .     (no cloak)
rCorr  .         Reflect  .     (no gloves)
SustAt .         Harm     .     (no boots)
MR     .....                    (no amulet)
Stlth  ..........               F - +4 ring of dexterity
                                t - ring of protection from cold

@: mighty, not resistant to hostile enchantments, extremely unstealthy
A: no striking features
a: no special abilities


You were on level 5 of the Dungeon.
You were hungry.

You visited 1 branch of the dungeon, and saw 5 of its levels.

You collected 306 gold pieces.

Inventory:

Hand Weapons
 a - a +0 war axe (weapon)
 o - a +0 war axe
 r - a +0 spear
 u - a +0 spear of flaming
 x - a +0 hand axe
 y - a +0 flail
 B - a +0 club
 E - a +1 whip of electrocution
 I - a +1 dagger of venom
 K - a cursed -3 giant club
 L - a +1 whip of freezing
 M - a +0 hunting sling
 Q - a +1 falchion of protection
Missiles
 p - 60 stones (quivered)
 v - 23 arrows
 C - 15 poisoned needles
Armour
 b - a +0 scale mail (worn)
 c - a +0 shield (worn)
 f - a +0 cloak
 j - a +0 helmet (worn)
 A - a +0 scale mail
 J - a +0 helmet
 N - a +0 robe
 O - a +0 cloak
Jewellery
 t - a ring of protection from cold (left hand)
 F - a +4 ring of dexterity (right hand)
 P - a +3 ring of intelligence {unknown}
Scrolls
 h - a scroll of remove curse
 k - a scroll of magic mapping
 l - a scroll of immolation {unknown}
 m - 2 scrolls of recharging {unknown}
 n - a scroll of fear {unknown}
 q - a scroll of teleportation {unknown}
 D - a scroll of enchant weapon {unknown}
 H - a scroll of noise {unknown}
Potions
 e - a potion of curing
 g - a potion of lignification
 i - a potion of agility
 s - a potion of brilliance {unknown}
 w - a potion of beneficial mutation {unknown}
 z - 2 potions of flight
 G - a potion of heal wounds {unknown}
 R - a potion of mutation {unknown}


   Skills:
 + Level 5.2 Fighting
 + Level 5.1 Axes
 + Level 5.0 Armour
 + Level 1.9 Dodging
 + Level 0.1 Stealth
 + Level 4.9 Shields


You had 6 spell levels left.
You didn't know any spells.

Dungeon Overview and Level Annotations

Branches:
Dungeon (5/15)             Temple (0/1) D:4

Altars:
Elyvilon
Nemelex Xobeh
Sif Muna
Yredelemnul
Zin


Message History

The hill giant is moderately wounded.
The hill giant hits you with a giant club!!
You hit the hill giant.
The hill giant is moderately wounded.
The hill giant hits you with a giant club!
You hit the hill giant but do no damage.
The hill giant is moderately wounded.
The hill giant hits you with a giant club!
* * * LOW HITPOINT WARNING * * *
You feel better. The hill giant closely misses you.
You feel very mighty all of a sudden. The hill giant completely misses you.
You barely miss the hill giant.
The hill giant is moderately wounded.
The hill giant hits you with a giant club!
* * * LOW HITPOINT WARNING * * *
You hit the hill giant.
The hill giant is moderately wounded.
The hill giant hits you with a giant club!!
You die...

.....###.........#
...............(#
#.............(.#
#......#......(.# .
#...##.......(..#
...##...............#
....................#
###.....##...C...#
#.....#.##...@...#
#.............####
#.............#
#.............#
#<......#######
#########


You could see a hill giant.

Vanquished Creatures
  An ogre (D:3)
  3 orc priests
  Jessica (D:3)
  Natasha (twice) (D:4)
  2 orc wizards (D:4)
  A worker ant (D:5)
  A hound skeleton (D:4)
  Robin (D:3)
  3 gnolls (D:3)
  2 adders (D:3)
  5 worms
  4 dart slugs
  A giant gecko (D:3)
  7 orcs
  5 giant cockroaches
  11 goblins
  14 hobgoblins
  6 jackals (D:4)
  5 quokkas
  3 ball pythons
  8 bats
  A giant newt (D:1)
  9 kobolds
  7 rats
  A spectral orc (D:2)
104 creatures vanquished.

Notes
Turn   | Place    | Note
--------------------------------------------------------------
     0 | D:1      | Korgoth the Hill Orc Fighter began the quest for the Orb.
     0 | D:1      | Reached XP level 1. HP: 19/19 MP: 1/1
   127 | D:1      | Reached XP level 2. HP: 17/27 MP: 2/2
   636 | D:1      | Reached XP level 3. HP: 33/33 MP: 3/3
   835 | D:2      | Found a white marble altar of Elyvilon.
   877 | D:2      | Found a basalt altar of Yredelemnul.
  1178 | D:2      | Found a glowing silver altar of Zin.
  1272 | D:2      | Found a deep blue altar of Sif Muna.
  1782 | D:3      | Reached XP level 4. HP: 30/40 MP: 4/4
  1854 | D:3      | Reached skill level 1 in Dodging
  1862 | D:3      | Reached XP level 5. HP: 3/46 MP: 5/5
  2246 | D:3      | Noticed Jessica
  2254 | D:3      | Killed Jessica
  2278 | D:3      | Found a sparkling altar of Nemelex Xobeh.
  2558 | D:3      | Noticed Robin
  2594 | D:3      | Killed Robin
  2865 | D:4      | Noticed an ogre
  2885 | D:3      | Killed an ogre
  2885 | D:3      | Reached XP level 6. HP: 18/53 MP: 6/6
  3233 | D:4      | Noticed Natasha
  3237 | D:4      | Killed Natasha
  3328 | D:4      | Found a staircase to the Ecumenical Temple.
  3335 | D:4      | Reached skill level 5 in Fighting
  3349 | D:4      | Reached skill level 5 in Axes
  3349 | D:4      | Reached skill level 5 in Armour
  3527 | D:4      | Reached XP level 7. HP: 57/61 MP: 7/7
  3820 | D:4      | Noticed Natasha
  3831 | D:4      | Killed Natasha
  3873 | D:5      | Entered Level 5 of the Dungeon
  3913 | D:5      | Noticed a hill giant
  3926 | D:5      | HP: 2/61 [hill giant/giant club (13)]
  3927 | D:5      | Demolished by a hill giant

Skill      XL: |  1  2  3  4  5  6 |
---------------+-------------------+-----
Fighting       | 4 5 |  5.2
Axes           | 3 4 5 |  5.1
Shields        | 4 |  4.9
Armour         | 4 5 |  5.0
Dodging        | 1 |  1.9
Stealth        | |  0.1

Action                   |  1- 3 |  4- 6 |  7- 9 || total
-------------------------+-------+-------+-------++-------
Melee: War axe           |   128 |   195 |    26 ||   349
Throw: Stone             |       |       |     5 ||     5
  Use: Potion            |       |     3 |     2 ||     5
       Scroll            |       |     2 |     4 ||     6
  Eat: Bread ration      |     1 |     1 |       ||     2
       Chunk             |     1 |       |       ||     1
Armor: Scale mail        |    58 |    76 |     3 ||   137
       Skin              |       |     5 |       ||     5
Dodge: Dodged            |    42 |    51 |    10 ||   103
Block: Shield            |    82 |    89 |     8 ||   179
